Map: King's Cove LE

Players

Smeeeger - Winner!

  • Race: Zerg Zerg
  • League: Platinum
  • Spawn Location: 5:00

VOD

Have the link to the VOD?

Description

Time

  • Played on: July 23, 2019, 8:42 p.m.
  • Length: 15:12
Show
View Real Time Build Order
Export as new Build Order

Smeeeger Zerg - Winner!

Build Orders:  

Get SALT Encoding   

  12  0:01  Drone  
  13  0:20  Overlord  
  13  0:28  Drone  
  14  0:46  Drone x2  
  16  0:51  Drone  
  17  1:06  Drone  
  18  1:12  Spawning Pool  
  17  1:21  Drone  
  18  1:32  Extractor  
  17  1:51  Hatchery  
  17  1:53  Drone  
  17  1:54  Drone  
  18  2:06  Drone  
  19  2:20  Overlord  
  19  2:29  Queen  
  21  2:36  Zergling x2  
  22  2:54  Zergling x2  
  23  3:06  Zergling x2  
  24  3:19  Queen  
  26  3:32  Queen  
  26  3:35  Drone  
  26  3:36  Drone x2  
  31  3:49  Drone  
  32  4:01  Drone  
  32  4:02  Overlord  
  32  4:03  Metabolic Boost  
  33  4:15  Overlord  
  33  4:16  Drone x2  
  33  4:17  Drone  
  36  4:51  Drone x2  
  36  4:52  Drone x3  
  40  5:20  Hatchery  
  40  5:29  Drone  
  40  5:30  Drone  
  40  5:34  Overlord  
  41  5:40  Drone x4  
  41  5:41  Drone x4  
  41  5:44  Roach Warren  
  41  5:45  Evolution Chamber  
  41  5:49  Drone  
  48  6:03  Extractor  
  48  6:04  Extractor  
  46  6:11  Lair  
  46  6:13  Drone x3  
  49  6:21  Zergling x12  
  55  6:36  Overlord x2  
  55  6:56  Zerg Missile Weapons Level 1  
  55  7:01  Drone x4  
  55  7:02  Drone  
  55  7:03  Queen  
  55  7:09  Roach x4  
  70  7:10  Roach  
  72  7:35  Drone x2  
  72  7:37  Overlord x4  
  72  7:38  Roach x2  
  72  7:39  Roach x2  
  82  7:53  Overlord x2  
  82  7:56  Glial Reconstitution  
  82  8:15  Roach x2  
  82  8:16  Roach x4  
  82  8:17  Roach  
  96  8:25  Drone x2  
  96  8:26  Drone  
  99  8:34  Spine Crawler  
  99  8:39  Drone  
  99  8:44  Drone, Spine Crawler  
  99  8:46  Roach x3  
  99  8:47  Roach  
  107  8:51  Overseer  
  107  8:57  Drone x3  
  107  8:59  Drone  
  111  9:00  Drone  
  111  9:01  Evolution Chamber  
  111  9:19  Drone x3  
  114  9:20  Drone, Overlord  
  114  9:21  Overlord x3  
  114  9:34  Hydralisk Den  
  114  9:36  Drone  
  114  9:39  Zerg Missile Weapons Level 2  
  114  9:40  Roach x3  
  114  9:47  Extractor  
  114  9:49  Extractor  
  118  9:56  Roach  
  118  9:57  Roach x4  
  62  10:10  Drone x3  
  128  10:11  Drone x3  
  134  10:23  Extractor  
  133  10:43  Overlord  
  133  10:44  Overlord x4  
  133  10:52  Hatchery  
  132  11:17  Hatchery  
  131  11:32  Zerg Ground Armor Level 1  
  131  11:58  Roach x8  
  131  11:59  Roach x10  
  150  12:02  Unknown  
  150  12:07  Roach  
  150  12:08  Roach x2  
  146  12:16  Drone  
  146  12:17  Drone x6  
  133  13:12  Roach x8  
  133  13:13  Roach x13  
  173  13:29  Zergling x2  
  172  13:30  Zergling x10  
  177  14:03  Hydralisk x2  
  177  14:04  Hydralisk x9  
  199  14:12  Unknown  
Tags
 
Add a new tag
Caveats
  • Supply blocks, unpowered buildings, or Contaminate may cause inaccurate times.
  • Supply counts are checked every 10 seconds.